Map: Dusk Towers

Players

JessCJames

  • Race: Protoss Protoss
  • League: Diamond

LilDicky - Winner!

  • Race: Terran Terran
  • League: Diamond

VOD

http://www.twitch.tv/tumescentpie

Description

Time

  • Played on: Dec. 7, 2015, 2:14 p.m.
  • Length: 5:38
Show
View Real Time Build Order
Export as new Build Order

JessCJames Protoss 

Build Orders: Nexus First 

Get SALT Encoding   

  12  0:01  Probe (Chrono Boost)  
  13  0:11  Probe (Chrono Boost)  
  14  0:23  Pylon  
  14  0:25  Probe (Chrono Boost)  
  15  0:42  Probe (Chrono Boost)  
  16  0:56  Probe (Chrono Boost)  
  17  1:01  Nexus  
  17  1:07  Probe (Chrono Boost)  
  18  1:17  Probe (Chrono Boost)  
  19  1:28  Probe (Chrono Boost)  
  20  1:36  Assimilator  
  20  1:38  Probe (Chrono Boost)  
  21  1:40  Gateway  
  21  1:49  Probe (Chrono Boost)  
  22  1:59  Probe (Chrono Boost)  
  23  2:07  Assimilator  
  23  2:10  Pylon  
  23  2:13  Probe (Chrono Boost)  
  23  2:14  Probe (Chrono Boost)  
  25  2:23  Probe (Chrono Boost)  
  26  2:33  Cybernetics Core  
  26  2:34  Probe (Chrono Boost)  
  27  2:37  Probe (Chrono Boost)  
  28  2:45  Probe (Chrono Boost)  
  28  2:46  Gateway  
  28  2:47  Gateway  
  28  2:51  Probe (Chrono Boost), Pylon  
  30  2:55  Probe (Chrono Boost)  
  31  3:00  Forge  
  31  3:01  Probe (Chrono Boost)  
  32  3:06  Probe (Chrono Boost)  
  32  3:12  Probe (Chrono Boost)  
  34  3:16  Probe (Chrono Boost)  
  33  3:22  Probe (Chrono Boost)  
  33  3:27  Probe (Chrono Boost)  
  35  3:31  Probe (Chrono Boost)  
  35  3:33  Warp Gate (Chrono Boost)  
  36  3:35  Photon Cannon  
  36  3:38  Probe  
  37  3:42  Probe  
  37  3:50  Probe  
  37  3:52  Probe  
  39  4:02  Probe, Pylon  
  38  4:03  Probe  
  39  4:13  Probe  
  39  4:14  Probe  
  40  4:24  Probe  
  40  4:26  Probe  
  40  4:28  Photon Cannon  
  41  4:34  Probe  
  41  4:38  Probe  
  43  4:42  Twilight Council  
  43  4:44  Pylon  
  43  4:46  Adept  
  43  4:48  Probe  
  43  4:50  Mothership Core  
  48  4:59  Probe  
  48  5:05  Robotics Facility  
  49  5:09  Probe  
  49  5:12  Probe  
  49  5:22  Gateway  
  49  5:23  Probe, Gateway  
  49  5:25  Probe  
  51  5:32  Pylon  
  51  5:34  Adept x3  
Show
View Real Time Build Order
Export as new Build Order

LilDicky Terran - Winner!

Build Orders: MMM Bio 

Get SALT Encoding   

  12  0:01  SCV  
  13  0:14  SCV  
  14  0:22  Supply Depot  
  14  0:26  SCV  
  14  0:28  Refinery  
  15  0:44  SCV  
  15  0:49  Barracks  
  16  1:06  SCV  
  17  1:23  SCV  
  18  1:29  Supply Depot  
  18  1:35  SCV  
  18  1:38  Factory  
  18  1:39  Marine  
  20  1:51  Orbital Command  
  20  2:06  Barracks, Marine  
  21  2:16  Barracks  
  21  2:17  Refinery  
  21  2:18  SCV  
  22  2:36  Barracks Reactor  
  22  2:38  Widow Mine  
  24  2:48  SCV  
  25  2:54  Supply Depot  
  25  2:55  Barracks Tech Lab  
  25  3:00  SCV  
  25  3:04  Barracks Tech Lab  
  26  3:13  Widow Mine  
  26  3:19  Stimpack, Marine x2  
  30  3:22  Combat Shields  
  30  3:23  Marine x2  
  30  3:24  SCV  
  33  3:28  Supply Depot  
  32  3:39  Marine  
  32  3:40  Marine  
  36  3:41  Marauder  
  36  3:45  Starport  
  36  3:48  Marine  
  37  3:57  Marine  
  40  4:03  Marauder  
  40  4:18  Marauder, Marine x2  
  40  4:22  Medivac  
  46  4:29  Marauder  
  46  4:30  Supply Depot  
  48  4:36  Marine x2  
  48  4:37  Hellion  
  52  4:53  SCV  
  52  4:54  Medivac  
Tags
 
Add a new tag
Caveats
  • Supply blocks, unpowered buildings, or Contaminate may cause inaccurate times.
  • Supply counts are checked every 10 seconds.